 Dungeon Crawl Stone Soup version 0.20.1-1-g8b1a95d (webtiles) character file.

54527 Jannitor the Fighter (level 14, 0/136 HPs)
             Began as a Minotaur Chaos Knight on Sept 14, 2017.
             Slain by an orc warrior
             ... wielding a +0 glaive
              (7 damage)
             ... on level 2 of the Orcish Mines.
             The game lasted 00:40:16 (22658 turns).

Jannitor the Fighter (Minotaur Chaos Knight)       Turns: 22658, Time: 00:40:17

Health: 0/136      AC: 22    Str: 22    XL:     14   Next: 34%
Magic:  7/7        EV: 12    Int:  5    God:    Xom [....*.]
Gold:   1259       SH:  0    Dex: 12    Spells: 13/13 levels left

rFire    + + .     SeeInvis .   w - +8 Wrath of Trog {antimagic, *Rage}
rCold    + . .     Gourm    .   (shield currently unavailable)
rNeg     + . .     Faith    .   S - +4 chain mail {rC+}
rPois    .         Spirit   .   (helmet restricted)
rElec    .         Reflect  .   A - +1 cloak
rCorr    +         Harm     .   (no gloves)
MR       +....     Rnd*Rage +   (no boots)
Stlth    ..........             s - amulet "Jiryag" {+Rage rF++}
Regen    0.4/turn               l - ring of positive energy
MPRegen  0.1/turn               a - ring of resist corrosion

@: lethally poisoned (0 -> -22), berserk cooldown, slowed, drained, very slow
A: retaliatory headbutt, horns 2, icy blue scales 1, rugged brown scales 1, thin
skeletal structure 1, deterioration 1, dopey 2, high mp 1, sense surroundings 1
a: Renounce Religion, Evoke Berserk Rage


You were on level 2 of the Orcish Mines.
You worshipped Xom.
You were a beloved toy of Xom.
You were not hungry.

You visited 3 branches of the dungeon, and saw 20 of its levels.
You also visited: Ossuary.

You collected 1259 gold pieces.

Inventory:

Hand Weapons
 p - a +1 war axe of electrocution
 w - the +8 Wrath of Trog (weapon) {antimagic, *Rage}
   (You acquired it on level 6 of the Lair of Beasts)

   It reduces the magical energy of the wielder, and disrupts the spells and
   magical abilities of those hit.
   Natural abilities and divine invocations are not affected.
   It may make you go berserk in combat.
 Z - a +0 scimitar of flaming
Armour
 b - a +2 leather armour
 d - a +1 ring mail of fire resistance
 n - a +0 ring mail
 A - a +1 cloak (worn)
 D - the +7 ring mail of Nihilism {rF++ Str+4}
   (You found it on level 7 of the Dungeon)

   It affects your strength (+4).
   It greatly protects you from fire.
 S - a +4 chain mail of cold resistance (worn)
Jewellery
 a - a ring of resist corrosion (right hand)
 l - a ring of positive energy (left hand)
 r - a +3 ring of protection
 s - the amulet "Jiryag" (around neck) {+Rage rF++}
   (You found it on level 5 of the Dungeon)

   [amulet of rage]

   It greatly protects you from fire.
   It lets you go berserk.
 L - an uncursed ring of protection from magic
 P - an uncursed ring of see invisible {unknown}
 W - an uncursed ring of flight
Wands
 e - a wand of acid (1/15)
 y - a wand of confusion (24/48)
 B - a wand of paralysis (8/24)
 E - a wand of flame (43/48)
 H - a wand of clouds (4/9)
 I - a wand of random effects (27/48)
 J - a wand of lightning (12/15)
 N - a wand of paralysis (8/24)
 O - a wand of acid (8/15)
Scrolls
 g - 10 scrolls of identify
 h - 10 scrolls of remove curse
 k - 10 scrolls of teleportation
 o - 4 scrolls of amnesia
 q - a scroll of enchant armour
 v - 6 scrolls of recharging
 T - 2 scrolls of enchant weapon
 V - a scroll of fear
 X - a scroll of holy word
Potions
 f - 3 potions of mutation
 i - 7 potions of curing
 m - a potion of might
 x - 4 potions of brilliance
 z - 4 potions of flight
 C - 2 potions of agility
 G - 3 potions of lignification
 K - 3 potions of magic
 U - a potion of berserk rage
 Y - a potion of cancellation
Miscellaneous
 M - a lightning rod (4/4)
 Q - a sack of spiders
 R - a phial of floods (inert)
Comestibles
 c - 7 bread rations
 j - 8 meat rations
 t - 5 royal jellies
 u - 20 fruits


   Skills:
 + Level 14.6(14.4) Fighting
 + Level 14.4 Axes
   Level 5.0(10.6) Maces & Flails
 + Level 13.9(13.7) Armour
 + Level 8.1(7.9) Dodging
   Level 0.8(0.7) Shields
 + Level 10.9(10.7) Evocations


You had 13 spell levels left.
You didn't know any spells.

Dungeon Overview and Level Annotations

Branches:
Dungeon (12/15)            Temple (0/1) D:5            Lair (6/6) D:11
  Swamp (0/4) Lair:4        Snake (0/4) Lair:4        Slime (0/5) Lair:5
    Orc (2/2) D:11
    Elf: Orc:2

Altars:
Ashenzari
Cheibriados
Dithmenos
Fedhas
Gozag
Hepliaklqana
Makhleb
Nemelex Xobeh
Okawaru
Uskayaw
Xom
Zin

Shops:
D:7 *   Orc:2 (

Annotations:
D:4 Thjof's ghost, amateur TrMo
D:12 4 runed doors, Frances
Lair:2 exclusion: downstairs
Orc:2 Sonja


Innate Abilities, Weirdness & Mutations

You reflexively headbutt those who attack you in melee.
You have a pair of horns on your head.
You are partially covered in icy blue scales. (AC +2)
You are partially covered in rugged brown scales. (AC +1, +3% HP)
You have a somewhat thin skeletal structure. (Dex +2, Stealth)
Your body sometimes deteriorates upon taking damage.
You are very dopey. (Int -4)
You have an increased reservoir of magic. (+10% MP)
You passively map a small area around you.


Message History

Your water elemental completely misses the orc.
Your water elemental hits the orc warrior.
You see here 2 curare-tipped needles.
Unknown command.
You feel very sick.
The orc warrior shouts!
Sonja drinks a potion.
Sonja is healed!
Your water elemental hits the orc!
The orc dies!
Sonja shoots a curare-tipped needle.
The curare-tipped needle closely misses you.
There is a stone staircase leading up here.
You feel very sick.
Sonja shoots a curare-tipped needle.
The curare-tipped needle hits you.
You are lethally poisoned!
You have difficulty breathing.
* * * LOW HITPOINT WARNING * * *
You feel as though you will be slow longer.
Your water elemental hits the orc warrior!
The orc warrior hits you from afar with a glaive!
You die...

, ................ ,
................... ,
...................,
.............$....
................. *
..............o## ,,
................# ,, ,
,...........$....# ,,
, ,
......(..@..(K..##, ,
.........(.......# , *
,
.........o............
,
....#..≈.E≈........∩..
,
...#...≈≈≈............
*
..#...)≈E)............
,......≈≈≈............
......≈≈≈..........#.
* #...................


You could see Sonja, 2 orc warriors and 2 friendly water elementals.

Vanquished Creatures
  The ghost of supermoro the Zephyrmancer, a journeyman DrAE of Vehumet (Lair:2)
  Snorg (Lair:6)
  A hydra (Lair:4)
  Fannar (D:10)
  A merfolk avatar (Lair:6)
  Erica (Lair:2)
  11 death yaks
  2 two-headed ogres
  The ghost of letownia the Martial Artist, a novice OpTm of Gozag (D:8)
  The ghost of Asagix the Carver, a novice MiBe of Trog (D:6)
  A sea snake (Lair:6)
  2 harpies (Lair:6)
  Pikel (D:8)
  3 unseen horrors
  3 oklob plants (Lair:1)
  2 cyclopes (D:11)
  3 elephants (Lair:6)
  2 torpor snails
  Psyche (D:8)
  4 black mambas
  12 spiny frogs
  4 rime drakes
  16 komodo dragons
  A hornet (Lair:6)
  3 polar bears (Lair:6)
  17 blink frogs
  9 dream sheep
  4 slime creatures (D:12)
  9 hippogriffs
  A shadow (D:6)
  A spriggan (D:7)
  A vampire (D:11)
  24 yaks
  6 wyverns
  3 basilisks
  Grum (D:11)
  A naga (Lair:4)
  17 water moccasins
  A hell hound (Lair:3)
  4 sky beasts
  6 porcupines
  6 orc warriors
  4 black bears
  3 slaves (D:8)
  An ice beast (D:8)
  A necrophage (D:10)
  5 ogres
  2 phantoms
  3 wolves (D:11)
  A centaur (D:10)
  17 crocodiles
  A big kobold (D:7)
  2 elf zombies (Ossuary)
  21 bullfrogs
  A water moccasin zombie (D:6)
  4 scorpions
  3 killer bees (D:10)
  A howler monkey (D:8)
  A bullfrog zombie (D:7)
  A quasit (D:8)
  2 centaur zombies
  7 crimson imps
  A bullfrog skeleton (D:10)
  A centaur skeleton (D:9)
  4 jellies
  8 orc priests
  3 hounds
  3 human zombies (Ossuary)
  2 iguanas (D:7)
  8 worker ants
  13 orc wizards
  Terence (D:3)
  4 hell rats (Lair:3)
  3 hound zombies (Ossuary)
  A hound skeleton (D:8)
  3 mummies (Ossuary)
  A howler monkey zombie (D:11)
  3 worker ant zombies
  7 gnolls
  12 adders
  4 shadow imps
  2 oozes
  2 adder zombies (Ossuary)
  5 adder skeletons
  7 worms
  A dart slug (D:2)
  4 leopard geckos
  39 orcs
  6 bats
  10 giant cockroaches
  2 gnoll zombies (Ossuary)
  10 goblins
  3 hobgoblins
  5 jackals
  10 kobolds
  7 quokkas
  2 frilled lizards (D:1)
  4 goblin zombies (Ossuary)
  4 hobgoblin zombies (Ossuary)
  5 jackal zombies (Ossuary)
  A kobold zombie (Ossuary)
  A leopard gecko zombie (D:7)
  3 orc zombies (Ossuary)
  A quokka skeleton (D:8)
  3 quokka zombies (Ossuary)
  8 rats
  4 rat zombies (Ossuary)
  13 fungi
  9 plants
524 creatures vanquished.

Vanquished Creatures (collateral kills)
  An orc sorcerer (Orc:2)
  A hornet (Lair:6)
  A hippogriff (Lair:6)
  An orc (Orc:2)
  A rat zombie (Ossuary)
  A fungus (Lair:1)
6 creatures vanquished.

Vanquished Creatures (others)
  A spiny frog (Lair:1)
  A rime drake (Lair:6)
  An orc warrior (D:6)
  A slave (D:8)
  A centaur zombie (D:5)
  An orc (Orc:2)
  15 fungi
  25 plants
46 creatures vanquished.

Grand Total: 576 creatures vanquished

Notes
Turn   | Place    | Note
-------+----------+-------------------------------------------
     0 | D:1      | Jannitor the Minotaur Chaos Knight began the quest for the Orb.
     0 | D:1      | Reached XP level 1. HP: 19/19 MP: 0/0
    10 | D:1      | XOM: potion effect (invisibility)
    63 | D:1      | XOM: potion effect (haste)
    68 | D:1      | Reached XP level 2. HP: 25/27 MP: 1/1
   538 | D:2      | Found a burning altar of Makhleb.
   538 | D:2      | Found a hide-covered altar of Uskayaw.
   538 | D:2      | Found a hazy altar of Hepliaklqana.
   539 | D:2      | Found a sparkling altar of Nemelex Xobeh.
   542 | D:2      | Found a blossoming altar of Fedhas.
   558 | D:2      | Reached XP level 3. HP: 33/33 MP: 2/2
   570 | D:2      | XOM: harmless Conj miscast
   852 | D:2      | Reached skill level 5 in Maces & Flails
   857 | D:2      | Reached XP level 4. HP: 28/41 MP: 3/3
   950 | D:2      | XOM: harmless Pois miscast
  1158 | D:2      | Found a faded altar of an unknown god.
  1652 | D:3      | Reached skill level 5 in Fighting
  1710 | D:3      | Noticed Terence
  1760 | D:2      | XOM: mild Tloc miscast
  1761 | D:2      | Noticed a spatial vortex
  1866 | D:3      | Reached skill level 1 in Axes
  1872 | D:3      | XOM: blink monster(s)
  1877 | D:3      | Killed Terence
  1955 | D:3      | Found an iron altar of Okawaru.
  1957 | D:3      | Found a shadowy altar of Dithmenos.
  1958 | D:3      | Found a snail-covered altar of Cheibriados.
  1969 | D:3      | Found a shattered altar of Ashenzari.
  1972 | D:3      | Reached XP level 5. HP: 48/48 MP: 4/4
  1974 | D:3      | XOM: mild Conj miscast
  1977 | D:3      | XOM: cast spell 'Alistair's Intoxication'
  2018 | D:3      | XOM is BORED!
  2018 | D:3      | XOM: medium Tloc miscast
  2065 | D:3      | XOM: divination: magic mapping
  2124 | D:3      | XOM: summons 3 hostile shadow creatures
  2473 | D:3      | XOM: give mutations
  2473 | D:3      | Gained mutation: Your body sometimes deteriorates upon taking damage. [Xom's mischief]
  2473 | D:3      | Gained mutation: Your magical capacity is low. (-10% MP) [Xom's mischief]
  2473 | D:3      | Gained mutation: Scrolls take you a little longer to read. [Xom's mischief]
  2635 | D:4      | Noticed an ogre
  2636 | D:4      | XOM: blink monster(s)
  2641 | D:4      | XOM: butterfly on damage
  2642 | D:4      | Killed an ogre
  2642 | D:4      | Reached XP level 6. HP: 11/57 MP: 4/4
  2905 | D:4      | Noticed a sky beast
  2941 | D:3      | XOM: cleaving
  2949 | D:3      | Killed a sky beast
  3302 | D:4      | Noticed Thjof's ghost (amateur TrMo)
  3302 | D:4      | XOM: divination: detect creatures
  3322 | D:4      | XOM: destruction
  3505 | D:5      | Entered Level 5 of the Dungeon
  3545 | D:5      | Got a scorched steel amulet
  3546 | D:5      | Identified the amulet "Jiryag" {+Rage rF++} (You found it on level 5 of the Dungeon)
  3600 | D:5      | Found a glowing silver altar of Zin.
  3712 | D:5      | Noticed a sky beast
  3744 | D:5      | Killed a sky beast
  3744 | D:5      | Reached skill level 5 in Axes
  3744 | D:5      | Reached skill level 1 in Evocations
  3744 | D:5      | Reached XP level 7. HP: 51/66 MP: 4/6
  3747 | D:5      | Gained mutation: You passively map a small area around you. [mutagenic meat]
  3785 | D:5      | XOM: divination: detect creatures
  3870 | D:4      | Found a shimmering altar of Xom.
  3870 | D:4      | Found a shimmering altar of Xom.
  3870 | D:4      | Found a shimmering altar of Xom.
  3871 | D:4      | Found a shimmering altar of Xom.
  3942 | D:4      | XOM: scenery: create altars
  4041 | D:5      | XOM: give mutation
  4041 | D:5      | Gained mutation: You are partially covered in icy blue scales. (AC +2) [Xom's grace]
  4051 | D:5      | Found a staircase to the Ecumenical Temple.
  4061 | D:5      | XOM: mild Conj miscast
  4061 | D:5      | XOM: smoke on damage
  4089 | D:5      | XOM: give mutations
  4089 | D:5      | Lost mutation: Your magical capacity is low. (-10% MP) [Xom's mischief]
  4089 | D:5      | Gained mutation: You are somewhat resistant to further mutation. [Xom's mischief]
  4089 | D:5      | Gained mutation: You are frail. (-10% HP) [Xom's mischief]
  4433 | D:5      | XOM: silly message
  4582 | D:6      | XOM: divine lightning
  4722 | D:6      | XOM: enchant monster (good)
  4737 | D:6      | XOM: confusion
  4789 | D:6      | XOM: 2-stop teleportation journey
  4793 | D:6      | XOM: confuse monster(s)
  4795 | D:6      | Reached XP level 8. HP: 39/66 MP: 8/8
  4873 | D:6      | XOM: mild Tloc miscast
  4896 | D:6      | XOM: noise
  5012 | D:6      | Found an opulent altar of Gozag.
  5180 | D:6      | Lost mutation: Scrolls take you a little longer to read. [mutagenic meat]
  5182 | D:6      | Gained mutation: You expend magic power (3 MP) to strengthen your wands. [mutagenic meat]
  5183 | D:6      | Lost mutation: Your body sometimes deteriorates upon taking damage. [mutagenic meat]
  5194 | D:6      | Noticed Asagix's ghost (novice MiBe)
  5196 | D:6      | XOM: summons friendly crimson imp
  5204 | D:6      | XOM: summons 1 hostile shadow creature
  5206 | D:6      | Killed Asagix's ghost
  5206 | D:6      | Reached skill level 5 in Armour
  5206 | D:6      | Reached XP level 9. HP: 58/73 MP: 9/11
  5660 | D:7      | Got an ichor-stained ring mail
  5661 | D:7      | Identified the +7 ring mail of Nihilism {rF++ Str+4} (You found it on level 7 of the Dungeon)
  5887 | D:7      | XOM: harmless Chrm miscast
  5945 | D:7      | XOM: give mutations
  5945 | D:7      | Gained mutation: You occasionally shout uncontrollably at your foes. [Xom's mischief]
  5945 | D:7      | Gained mutation: You are occasionally teleported next to monsters. [Xom's mischief]
  5945 | D:7      | Gained mutation: You are very frail. (-20% HP) [Xom's mischief]
  5945 | D:7      | Lost mutation: You are very frail. (-20% HP) [Xom's mischief]
  5991 | D:7      | Found a sand-covered staircase.
  5995 | Ossuary  | XOM: stealth player
  5995 | Ossuary  | Entered an ossuary
  6044 | Ossuary  | XOM: 7-stop teleportation journey
  6055 | Ossuary  | XOM: swap monsters
  6062 | Ossuary  | XOM: summons friendly ufetubus
  6167 | Ossuary  | Reached skill level 5 in Evocations
  6271 | D:7      | Found Gukkef's Serpentskin Sales.
  6719 | D:7      | XOM: harmless Pois miscast
  7111 | D:8      | Noticed Pikel
  7114 | D:8      | XOM: cast spell 'Leda's Liquefaction'
  7122 | D:8      | XOM: potion effect (brilliance)
  7133 | D:8      | Killed Pikel
  7133 | D:8      | Reached skill level 10 in Fighting
  7133 | D:8      | Reached XP level 10. HP: 68/83 MP: 13/13
  7135 | D:8      | Noticed letownia's ghost (novice OpTm)
  7173 | D:8      | Killed letownia's ghost
  7205 | D:8      | Noticed Psyche
  7213 | D:8      | Killed Psyche
  7390 | D:8      | Noticed a two-headed ogre
  7493 | D:8      | Killed a two-headed ogre
  7800 | D:8      | Reached skill level 10 in Axes
  7871 | D:8      | XOM: medium Air miscast
  8137 | D:8      | XOM: scenery: 1 doors open, 2 doors close
  8490 | D:9      | Killed an unseen horror
  8841 | D:9      | XOM is BORED!
  8841 | D:9      | XOM: give mutations
  8841 | D:9      | Lost mutation: You expend magic power (3 MP) to strengthen your wands. [Xom's mischief]
  8841 | D:9      | Gained mutation: Armour fits poorly on your strangely shaped body. [Xom's mischief]
  8841 | D:9      | Lost mutation: You are occasionally teleported next to monsters. [Xom's mischief]
  8841 | D:9      | Gained mutation: You are dopey. (Int -2) [Xom's mischief]
  8846 | D:9      | XOM: summons 2 hostile shadow creatures
  8921 | D:10     | Entered Level 10 of the Dungeon
  9079 | D:10     | XOM: harmless Conj miscast
  9126 | D:10     | Reached XP level 11. HP: 63/91 MP: 15/15
  9137 | D:10     | XOM: 5-stop teleportation journey
  9446 | D:10     | XOM: harmless Tmut miscast
  9449 | D:10     | Noticed a two-headed ogre
  9454 | D:10     | Killed a two-headed ogre
  9570 | D:10     | XOM: medium Necr miscast
 10146 | D:10     | XOM: 7-stop teleportation journey
 10232 | D:10     | XOM: harmless Tloc miscast
 10460 | D:10     | XOM: mild Erth miscast
 10481 | D:10     | Noticed Fannar
 10488 | D:10     | XOM: cast spell 'Disjunction'
 10499 | D:10     | Lost mutation: You are somewhat resistant to further mutation. [potion of mutation]
 10499 | D:10     | Lost mutation: Armour fits poorly on your strangely shaped body. [potion of mutation]
 10499 | D:10     | Lost mutation: You are frail. (-10% HP) [potion of mutation]
 10499 | D:10     | Lost mutation: You occasionally shout uncontrollably at your foes. [potion of mutation]
 10499 | D:10     | Gained mutation: You are partially covered in rugged brown scales. (AC +1, +3% HP) [potion of mutation]
 10499 | D:10     | Gained mutation: You have a somewhat thin skeletal structure. (Dex +2, Stealth) [potion of mutation]
 10511 | D:10     | Killed Fannar
 10511 | D:10     | Reached skill level 10 in Armour
 10617 | D:10     | XOM: swap monsters
 10842 | D:11     | XOM: give mutations
 10842 | D:11     | Gained mutation: Your body sometimes deteriorates upon taking damage. [Xom's mischief]
 10842 | D:11     | Lost mutation: Your body sometimes deteriorates upon taking damage. [Xom's mischief]
 10842 | D:11     | Gained mutation: Your body sometimes deteriorates upon taking damage. [Xom's mischief]
 10842 | D:11     | Gained mutation: You are clumsy. (Dex -2) [Xom's mischief]
 10880 | D:11     | Killed an unseen horror
 10908 | D:11     | XOM: blink monster(s)
 10910 | D:11     | Noticed Grum
 10914 | D:11     | XOM: cleaving
 10920 | D:11     | Killed Grum
 11034 | D:11     | Found a staircase to the Orcish Mines.
 11034 | D:11     | XOM: 9-stop teleportation journey
 11067 | D:11     | Noticed a brown ugly thing
 11067 | D:11     | Noticed a five-headed hydra
 11069 | D:11     | Noticed a deep elf mage
 11070 | D:11     | Noticed a five-headed hydra
 11071 | D:11     | Noticed an ogre mage
 11185 | D:11     | XOM: enchant monster (good)
 11186 | D:11     | XOM: summons 4 friendly demons
 11223 | D:11     | Identified a scroll of acquirement
 11337 | D:11     | XOM: divination: detect creatures
 11470 | D:11     | Found a staircase to the Lair.
 11471 | D:11     | XOM: summons friendly ufetubus
 11658 | D:12     | Noticed a green ugly thing
 11668 | D:12     | XOM: confusion
 11673 | D:12     | XOM: confuse monster(s)
 11771 | D:12     | Found a huge runed gate.
 11772 | D:12     | Found a huge runed gate.
 11772 | D:12     | Found a huge runed gate.
 11772 | D:12     | Found a huge runed gate.
 11788 | D:12     | XOM: enchant monster (bad)
 11789 | D:12     | XOM: summons 5 hostile demons
 11798 | D:12     | XOM: harmless Pois miscast
 12001 | D:12     | Noticed Frances
 12002 | D:12     | Noticed Frances
 12002 | D:12     | Frances changed into Frances the azure jelly
 12002 | D:12     | XOM: polymorph Frances -> Frances the azure jelly
 12008 | D:12     | XOM: polymorph hound -> sky beast
 12147 | D:11     | XOM: 7-stop teleportation journey
 12185 | D:11     | XOM: cloud trail
 12287 | D:11     | XOM: scenery: create altars
 12328 | Lair:1   | Entered Level 1 of the Lair of Beasts
 12484 | Lair:1   | XOM: god gift: faintly glowing robe {god gift}
 12682 | Lair:1   | Noticed an oklob plant
 12683 | Lair:1   | Noticed an oklob plant
 12683 | Lair:1   | XOM: destruction
 12684 | Lair:1   | Noticed an oklob plant
 12689 | Lair:1   | XOM: divine lightning
 12696 | Lair:1   | Killed an oklob plant
 12696 | Lair:1   | Reached XP level 12. HP: 116/116 MP: 17/17
 12697 | Lair:1   | XOM: summons friendly iron imp
 12761 | Lair:1   | XOM: god gift: 3 scrolls of teleportation
 12886 | Lair:1   | XOM: potion effect (invisibility)
 12892 | Lair:1   | XOM: divine lightning
 13048 | Lair:1   | XOM: scenery: create altars
 13200 | Lair:1   | XOM: fog
 13744 | Lair:2   | Noticed supermoro's ghost (journeyman DrAE)
 13757 | Lair:2   | XOM: confuse monster(s)
 13763 | Lair:2   | Killed supermoro's ghost
 13871 | Lair:2   | XOM: stat loss: -1 Dex (9/10)
 13993 | Lair:2   | Noticed Erica
 14001 | Lair:2   | Killed Erica
 14166 | Lair:2   | XOM: enchant monster (bad)
 14620 | Lair:3   | XOM: confusion
 14623 | Lair:3   | XOM: confusion
 14631 | Lair:3   | XOM: harmless Chrm miscast
 14635 | Lair:3   | XOM: harmless Erth miscast
 14683 | Lair:3   | XOM: noise
 15052 | Lair:3   | Noticed a death yak
 15053 | Lair:3   | Noticed a death yak
 15055 | Lair:3   | Noticed a death yak
 15061 | Lair:2   | Killed a death yak
 15150 | Lair:3   | XOM: summons 2 hostile shadow creatures
 15256 | Lair:3   | Killed a death yak
 15305 | Lair:4   | XOM: enchant monster (bad)
 15692 | Lair:4   | Noticed an eight-headed hydra
 15707 | Lair:4   | XOM: divination: detect items
 15710 | Lair:4   | Killed a 14-headed hydra
 16030 | Lair:3   | XOM: medium Pois miscast
 16124 | Lair:3   | XOM: mild Air miscast
 16271 | Lair:3   | XOM: polymorph hell rat -> hell hound
 16289 | Lair:3   | XOM: smoke on damage
 16758 | Lair:4   | XOM: 1-stop teleportation journey
 16770 | Lair:4   | Found a staircase to the Swamp.
 16790 | Lair:4   | Reached XP level 13. HP: 109/125 MP: 19/19
 16919 | Lair:4   | Reached skill level 5 in Dodging
 16949 | Lair:4   | XOM: mild Fire miscast
 17062 | Lair:4   | Found a staircase to the Snake Pit.
 17157 | Lair:4   | XOM: confuse monster(s)
 17223 | Lair:4   | XOM: harmless Summ miscast
 17565 | Lair:4   | XOM: 6-stop teleportation journey
 17644 | Lair:4   | XOM is BORED!
 17644 | Lair:4   | XOM: medium Tloc miscast
 17797 | Lair:4   | XOM: summons 6 friendly demons
 17841 | Lair:4   | XOM: silly message
 17932 | Lair:5   | XOM: harmless Fire miscast
 17967 | Lair:5   | Reached skill level 10 in Evocations
 18023 | Lair:5   | XOM: cleaving
 18032 | Lair:5   | XOM: enchant monster (good)
 18166 | Lair:5   | XOM: 6-stop teleportation journey
 18532 | Lair:5   | XOM: swap monsters
 18541 | Lair:5   | XOM: swap monsters
 18618 | Lair:4   | XOM: summons 2 hostile demons
 18808 | Lair:5   | XOM: give mutations
 18808 | Lair:5   | Lost mutation: You are clumsy. (Dex -2) [Xom's mischief]
 18808 | Lair:5   | Gained mutation: You are weak. (Str -2) [Xom's mischief]
 19039 | Lair:5   | XOM: mild Hex miscast
 19155 | Lair:5   | Found a staircase to the Slime Pits.
 19209 | Lair:5   | XOM is BORED!
 19209 | Lair:5   | XOM: noise
 19302 | Lair:5   | XOM: god gift: book of Party Tricks
 19396 | Lair:6   | Entered Level 6 of the Lair of Beasts
 19396 | Lair:6   | Noticed Snorg
 19511 | Lair:6   | Killed Snorg
 19582 | Lair:6   | XOM: potion effect (haste)
 19613 | Lair:6   | XOM: mild Tloc miscast
 19795 | Lair:6   | XOM: divine lightning
 19804 | Lair:6   | XOM: cast spell 'Cause Fear'
 19809 | Lair:6   | XOM: noise
 19813 | Lair:6   | Paralysed by a hornet for 2 turns
 19816 | Lair:6   | XOM: cast spell 'Summon Dragon'
 19818 | Lair:5   | HP: 4/127 [poisoned by a hornet]
 19915 | Lair:5   | XOM: divination: detect items
 20242 | Lair:6   | XOM: enchant monster (good)
 20349 | Lair:6   | XOM: 1-stop teleportation journey
 20373 | Lair:6   | XOM: cast spell 'Chain of Chaos'
 20375 | Lair:6   | XOM: potion effect (haste)
 20376 | Lair:6   | Reached XP level 14. HP: 90/136 MP: 20/20
 21013 | Lair:6   | XOM: harmless Fire miscast
 21207 | Lair:6   | XOM: give mutations
 21207 | Lair:6   | Gained mutation: You are very dopey. (Int -4) [Xom's mischief]
 21207 | Lair:6   | Lost mutation: You are weak. (Str -2) [Xom's mischief]
 21207 | Lair:6   | Gained mutation: You have an increased reservoir of magic. (+10% MP) [Xom's mischief]
 21229 | Lair:6   | XOM: summons 2 hostile demons
 21345 | Lair:6   | XOM: summons 3 hostile shadow creatures
 21588 | Lair:6   | XOM: polymorph komodo dragon -> something unseen
 21987 | Lair:6   | XOM: destruction
 22035 | Lair:6   | XOM: enchant monster (good)
 22578 | Orc:1    | Entered Level 1 of the Orcish Mines
 22625 | Orc:2    | Entered Level 2 of the Orcish Mines
 22627 | Orc:2    | Noticed Sonja
 22630 | Orc:2    | Found Ciont's Weapon Boutique.
 22658 | Orc:2    | Slain by an orc warrior

Skill      XL: |  1  2  3  4  5  6  7  8  9 10 11 12 13 14 |
---------------+-------------------------------------------+-----
Maces & Flails | 4 5 |  5.0
Fighting       | 4 5 6 7 8 10 11 12 13 14 | 14.6
Axes           | 2 3 5 6 7 9 10 12 13 14 | 14.4
Evocations     | 1 2 4 5 7 8 9 10 | 10.9
Armour         | 3 5 7 9 11 12 13 | 13.9
Dodging        | 4 7 8 |  8.1
Shields        | |  0.8

Action                   |  1- 3 |  4- 6 |  7- 9 | 10-12 | 13-15 || total
-------------------------+-------+-------+-------+-------+-------++-------
Melee: Mace              |    66 |    15 |       |       |       ||    81
       Headbutt          |     5 |    16 |    50 |    98 |    97 ||   266
       War axe           |       |   130 |   297 |   514 |   376 ||  1317
       Battleaxe         |       |       |       |       |    87 ||    87
 Abil: Evoke Berserk Rag |       |       |     4 |    12 |     2 ||    18
Evoke: Wand              |       |       |       |       |     2 ||     2
       Phial of floods   |       |       |       |       |     1 ||     1
       Sack of spiders   |       |       |       |       |     1 ||     1
  Use: Potion            |       |     4 |     2 |     5 |     7 ||    18
       Scroll            |       |       |     1 |    20 |     8 ||    29
 Stab: Invisible         |     1 |       |       |     1 |       ||     2
       Paralysed         |     3 |       |       |       |       ||     3
       Petrified         |       |       |       |     5 |       ||     5
       Sleeping          |       |       |       |     1 |       ||     1
       Confused          |       |       |       |     1 |       ||     1
  Eat: Chunk             |       |     9 |    21 |    20 |    15 ||    65
       Bread ration      |       |       |       |     4 |       ||     4
       Meat ration       |       |       |       |     1 |     1 ||     2
Armor: Leather armour    |    21 |     8 |       |       |       ||    29
       Ring mail         |       |    53 |   116 |   158 |       ||   327
       Skin              |       |    26 |       |       |       ||    26
       Chain mail        |       |       |       |   123 |   237 ||   360
Dodge: Dodged            |    27 |   101 |   141 |   231 |   199 ||   699
Block: Large shield      |    15 |    12 |       |       |       ||    27
